AoeStats
← 爷

Arena

508823123Analyzed
4v4 RM · 7d ago on Sep 24, 2026· 31m 13s· 8 players
Game mode
Random Map
Map size
Large (8 player)
Population
200
Speed
Normal
Resources
Standard
Victory
Conquest
Starting age
Dark Age
Ending age
Imperial Age
RankedLock teamsTeams togetherTeam positionsShared explorationLock speedFull tech treeHidden civsTurbo modeCheats
Victory
Defeat
🇮🇹 Danes · Italy
748
+6
🇨🇳 Cumans · China
713
+6
🇨🇳 Hindustanis · China
679
+8
🇨🇳 Lithuanians · China
679
+7
🇬🇧 Persians · United Kingdom
664
-12
🇬🇧 Britons · United Kingdom
563
-8
🇨🇳 Franks · China
414
-5
🇪🇸 Huns · Spain
247
-2
Warmhandz
9:13 Loom
11:57 Feudal Age
12:12 Loom
13:03 Horse Collar
13:10 Double-Bit Axe
20:19 Castle Age
18:44 Stone Mining
18:46 Gold Mining
19:52 Padded Archer Armor
19:45 Fletching
21:43 Loom
Delacoal
11:02 Feudal Age
11:44 Double-Bit Axe
19:03 Castle Age
17:06 Horse Collar
18:47 Loom
19:52 Bow Saw
19:44 Heavy Plow
26:46 Scale Barding Armor
おに惨
clavijocabralesjavier
23:38 Feudal Age
21:54 Loom
Peppe_04
9:18 Feudal Age
17:05 Castle Age
16:09 Double-Bit Axe
16:09 Horse Collar
19:34 Bow Saw
19:27 Heavy Plow
24:54 Wheelbarrow
34:14 Imperial Age
板蓝根
6:24 Loom
11:02 Feudal Age
12:24 Man-at-Arms
13:59 Double-Bit Axe
19:07 Forging
19:06 Horse Collar
19:24 Gold Mining
27:06 Wheelbarrow
26:17 Town Watch
31:33 Castle Age
29:47 Scale Mail Armor
鬼才
1:06 Loom
13:56 Feudal Age
15:14 Wheelbarrow
14:21 Horse Collar
14:27 Double-Bit Axe
18:38 Gold Mining
23:06 Castle Age
22:13 Forging
22:03 Scale Mail Armor
22:17 Scale Barding Armor
24:16 Hand Cart
24:02 Heavy Plow
24:15 Bow Saw
24:32 Bloodlines
24:22 Husbandry
24:33 Bloodlines
24:23 Husbandry
27:53 Stone Mining
29:19 Scale Mail Armor
30:13 Iron Casting
29:38 Scale Mail Armor
30:15 Town Watch
31:09 Stone Shaft Mining
爷
0:50 Loom
10:26 Feudal Age
13:30 Wheelbarrow
13:48 Wheelbarrow
14:33 Double-Bit Axe
14:31 Horse Collar
21:02 Castle Age
24:20 Forging
24:10 Scale Mail Armor
24:15 Scale Barding Armor
24:18 Stone Mining
29:55 Fortified Wall
Connection lost

Rejoining the realm…

Still unreachable

The connection could not be restored.

Session expired

The server has moved on; the page needs a fresh start.